 Dungeon Crawl Stone Soup version 0.19-a0-347-g6bb00b2 (webtiles) character file.

7180 FrictionlessMuMo the Nimble (level 10, -9/83 HPs)
             Began as a Mummy Monk on May 29, 2016.
             Mangled by a spiny frog (18 damage)
             ... on level 1 of the Lair of Beasts.
             The game lasted 00:52:21 (20615 turns).

FrictionlessMuMo the Nimble (Mummy Monk)           Turns: 20615, Time: 00:52:22

Health: -9/83      AC:  6    Str: 15    XL:     10   Next: 86%
Magic:  10/10      EV: 19    Int:  9    God:
Gold:   577        SH:  0    Dex: 18    Spells: 0 memorised, 9 levels left

rFire  x . .     SeeInvis .       - Unarmed
rCold  + . .     Gourm    .     (no armour)
rNeg   + + +     Faith    .     (no shield)
rPois  ∞         Spirit   .     s - +0 helmet
rElec  .         Dismiss  .     h - +2 cloak
rCorr  .         Reflect  .     g - +1 pair of gloves
SustAt .         Harm     .     (no boots)
MR     ++...                    (no amulet)
Stlth  +++.......               r - ring of protection from magic
                                i - ring of stealth

@: very resistant to hostile enchantments, fairly stealthy
A: no food or potions, fire vulnerability, cold resistance 1, negative energy
resistance 3, torment resistance, unbreathing
a: no special abilities


You were on level 1 of the Lair of Beasts.
You were not hungry.

You visited 2 branches of the dungeon, and saw 11 of its levels.
You also visited: Ossuary.

You collected 577 gold pieces.


Innate Abilities, Weirdness & Mutations

You do not eat or drink.
Your flesh is vulnerable to fire.
You are immune to poison.
Your flesh is cold resistant. (rC+)
You are immune to negative energy. (rN+++)
You are immune to unholy pain and torment.
You can survive without breathing.


   Skills:
 - Level 9.1 Fighting
 + Level 9.3 Dodging
 - Level 1.5 Stealth
 - Level 9.0 Unarmed Combat


You had 9 spell levels left.
You didn't know any spells.

Inventory:

Hand Weapons
 e - a +9 dagger of chaos {Psyched}
 n - the cursed +1 flail "Aubergine" {drain, Str+2, unknown} A truly terrible weapon, it drains the life of those it strikes. It affects your strength (+2). It has a curse placed upon it.
Armour
 g - a +1 pair of gloves (worn)
 h - a +2 cloak (worn)
 s - a +0 helmet (worn)
Jewellery
 i - a ring of stealth (left hand)
 k - an uncursed ring of sustain attributes
 r - a ring of protection from magic (right hand)
 t - an uncursed ring of ice
 w - an uncursed ring of protection from magic
Scrolls
 a - 2 scrolls of recharging
 b - 2 scrolls of teleportation {@r4}
 c - 5 scrolls of amnesia (quivered)
 d - a scroll of immolation {!r}
 f - 3 scrolls of remove curse
 j - a scroll of fog
 l - a scroll of brand weapon {unknown}
 m - a scroll of magic mapping
 p - 2 scrolls of random uselessness
 q - a scroll of torment
Comestibles
 o - 2 royal jellies

Dungeon Overview and Level Annotations

Branches:
Dungeon (10/15)            Temple (0/1) D:5            Lair (1/8) D:8
    Orc: D:9-12

Altars:
Fedhas
Gozag
Kikubaaqudgha
Makhleb
Okawaru
Pakellas
Trog
Xom
Yredelemnul

Shops:
D:4 %   D:5 :   D:6 !

Annotations:
D:3 2 Wanderwizards, exclusion: sky beast
D:4 1 exclusion
D:5 Wander Orc pack, exclusion: 2 downstairs
D:7 exclusion: downstairs
D:8 Chaos summoner, exclusions: downstairs, orc and orc priest, removeelyvilon's ghost, novice DsSu
D:9 Lmao2troll, exclusions: 3 orcs, orc wizard, troll and wasp

♣.......P..P.P♣...........▒
P.♣PP.P..PP.P.............▒
♣♣♣♣.P.PPP.......▒▒▒▒▒....▒
♣ ♣♣..........>..▒ ▒....▒▒
♣♣♣..............▒ ▒▒.....▒
......▒▒.▒▒.▒....▒▒▒▒.....▒▒
............▒.............▒
......+...................▒
......▒.......≈FM<...▒▒▒..▒
......▒.....≈≈≈≈≈≈≈≈≈▒▒ ...▒
......▒▒.▒▒.≈≈≈≈≈≈≈≈≈.▒ ..▒▒
............≈≈≈≈≈≈≈≈≈≈▒ ..▒
...▒▒▒▒▒.▒▒..≈≈≈≈≈≈≈≈.▒ .▒▒▒
▒▒▒▒...≈≈≈≈≈≈≈.▒ .▒
▒.....≈≈≈≈.▒▒ .▒
▒..........▒ .▒ ▒....▒▒▒▒▒▒▒


You could see a spiny frog.


Message History

You swing at nothing!
You swing at nothing!
You closely miss the spiny frog! The spiny frog stings you!!!!!!
You pulverise the spiny frog but do no damage!
The spiny frog completely misses you!
You barely miss the spiny frog! You punch the spiny frog!!!
The spiny frog is moderately wounded!
The spiny frog stings you!!!
The spiny frog stings you!!!!!! * * * don't die
* * * You pulverise the spiny frog but do no damage!
The spiny frog is moderately wounded!
The spiny frog barely misses you!
You squash the spiny frog but do no damage!
The spiny frog is moderately wounded!
The spiny frog misses you!
You pulverise the spiny frog but do no damage!
The spiny frog is moderately wounded!
The spiny frog stings you!!! * * * don't die
* * * You beat the spiny frog but do no damage!
The spiny frog is moderately wounded!
The spiny frog stings you!!! * * * don't die
* * * You pulverise the spiny frog!
The spiny frog is moderately wounded!
The spiny frog misses you!
You beat the spiny frog into a bloody pulp!
The spiny frog is heavily wounded!
The spiny frog stings you!!!!!! rip

Action                   |  1- 3 |  4- 6 |  7- 9 | 10-12 || total
-------------------------+-------+-------+-------+-------++-------
Melee: Unarmed           |   147 |   262 |   786 |   371 ||  1566
       Punch             |     9 |     8 |    32 |    16 ||    65
  Use: Scroll            |       |     2 |    17 |     4 ||    23
 Stab: Sleeping          |     3 |     5 |    14 |       ||    22
       Distracted        |       |       |     1 |     2 ||     3
Armor: Skin              |    16 |    36 |    69 |    41 ||   162
Dodge: Dodged            |    91 |   127 |   449 |   311 ||   978

Vault maps used:
D:1:      minmay_arrival_widening_spiral_wide
D:2:      lemuel_round_altar, first_bread
D:3:      grunt_pakellas_basics
D:4:      okawaru_ov_weapons_minmay, serial_shops, shop
D:5:      kennysheep_mini, minmay_temple_entry_overgrown, serial_shops, shop,
          enter_ossuary_2, basic_altar
D:6:      nicolae_overflow_crystal_walls, serial_shops, shop
D:7:      lemuel_zombie_altar_yredelemnul, marbit_many_paths, grunt_livestock
D:8:      dpeg_oklobed_lair, nicolae_gozag_cash_rules_everything_around_me
D:9:      trog_three_pillars_becter, uniq_psyche
Lair:1:   wad_woods_pond, infiniplex_staircase_pool
Ossuary:  ossuary_minmay_scorpions

Notes
Turn   | Place    | Note
--------------------------------------------------------------
     0 | D:1      | FrictionlessMuMo the Mummy Monk began the quest for the Orb.
     0 | D:1      | Reached XP level 1. HP: 18/18 MP: 1/1
   484 | D:1      | Reached XP level 2. HP: 21/24 MP: 2/2
   724 | D:1      | You fall through a shaft!
  1069 | D:1      | Reached skill level 4 in Unarmed Combat
  1470 | D:1      | Reached XP level 3. HP: 8/29 MP: 3/3
  2064 | D:2      | Reached XP level 4. HP: 35/35 MP: 4/4
  2504 | D:2      | Found a bloodstained altar of Trog.
  2849 | D:3      | Reached skill level 5 in Unarmed Combat
  2972 | D:3      | Noticed a sky beast
  3104 | D:3      | Found an oddly glowing altar of Pakellas.
  3338 | D:3      | Reached XP level 5. HP: 40/41 MP: 5/5
  3734 | D:4      | Found Lisiuxkoudd's Food Boutique.
  3993 | D:4      | Reached skill level 4 in Fighting
  4031 | D:4      | Got a twisted flail
  4094 | D:4      | Noticed an ogre
  4119 | D:4      | Noticed a phantom
  4269 | D:4      | Noticed an ogre
  4386 | D:4      | Found an iron altar of Okawaru.
  4727 | D:5      | Entered Level 5 of the Dungeon
  4727 | D:5      | Found a staircase to the Ecumenical Temple.
  4742 | D:5      | Reached XP level 6. HP: 42/50 MP: 6/6
  4771 | D:5      | Found an ancient bone altar of Kikubaaqudgha.
  4779 | D:5      | traps and doors
  4855 | D:5      | Found a blossoming altar of Fedhas.
  4941 | D:5      | Found a sand-covered staircase.
  4946 | Ossuary  | Entered an ossuary
  4952 | Ossuary  | I like the new zombie tiles.
  5035 | Ossuary  | Reached skill level 5 in Fighting
  5758 | Ossuary  | Reached skill level 6 in Fighting
  5958 | Ossuary  | Reached XP level 7. HP: 43/59 MP: 7/7
  6417 | Ossuary  | Reached skill level 3 in Dodging
  7189 | Ossuary  | I don't get xp when they die after they get poisoned
  7189 | Ossuary  | this is the highest degree of bullshit
  7247 | Ossuary  | Reached skill level 4 in Dodging
  8460 | D:5      | Found Netuso's Book Emporium.
  8532 | D:5      | Reached skill level 5 in Dodging
  9199 | D:4      | Reached XP level 8. HP: 37/65 MP: 8/8
  9557 | D:4      | Reached skill level 6 in Unarmed Combat
 10385 | D:6      | Found Gaufiosm's Distillery.
 10637 | D:6      | Reached skill level 6 in Dodging
 11028 | D:6      | Found a shimmering altar of Xom.
 12115 | D:7      | Reached skill level 7 in Unarmed Combat
 12243 | D:7      | Found a burning altar of Makhleb.
 12539 | D:7      | You fall through a shaft for 3 floors!
 12539 | D:10     | Entered Level 10 of the Dungeon
 12540 | D:10     | yes
 12540 | D:10     | lovely
 12641 | D:9      | Found a bloodstained altar of Trog.
 12651 | D:9      | Reached skill level 7 in Fighting
 12667 | D:9      | Reached XP level 9. HP: 72/72 MP: 9/9
 12702 | D:9      | Noticed Psyche
 12705 | D:9      | christ.
 12718 | D:9      | Killed Psyche
 13169 | D:9      | Reached skill level 7 in Dodging
 13678 | D:8      | Found a staircase to the Lair.
 13906 | D:8      | Noticed removeelyvilon's ghost (novice DsSu)
 13907 | D:8      | Found an opulent altar of Gozag.
 13916 | D:8      | alright
 14039 | D:7      | You fall through a shaft for 2 floors!
 14040 | D:9      | OH COME ON
 14046 | D:9      | Noticed a troll
 14151 | D:9      | Reached skill level 8 in Unarmed Combat
 14351 | D:9      | Noticed a troll
 14842 | Lair:1   | Entered Level 1 of the Lair of Beasts
 15257 | Lair:1   | Reached skill level 8 in Fighting
 15858 | D:8      | Reached XP level 10. HP: 51/80 MP: 10/10
 16149 | D:8      | Reached skill level 8 in Dodging
 16933 | D:7      | Found a basalt altar of Yredelemnul.
 17357 | D:7      | Reached skill level 9 in Unarmed Combat
 17839 | D:8      | hm yes
 17839 | D:8      | fucked yes
 17859 | D:8      | HP: 8/82 [killer bee (7)]
 17861 | D:8      | HP: 3/82 [killer bee (5)]
 18927 | D:7      | Reached skill level 9 in Fighting
 20126 | Lair:1   | Reached skill level 9 in Dodging
 20437 | Lair:1   | Noticed a spiny frog
 20604 | Lair:1   | He died on natural causes
 20604 | Lair:1   | death by meme frog
 20615 | Lair:1   | Mangled by a spiny frog

Vanquished Creatures
  Psyche (D:9)
  A komodo dragon (Lair:1)
  A shadow (D:8)
  8 yaks
  A hippogriff (Lair:1)
  A human (D:7)
  A hungry ghost (D:8)
  2 water moccasins (Lair:1)
  3 porcupines
  2 black bears
  An ice beast (D:9)
  5 ogres
  3 phantoms
  3 centaurs
  4 crocodiles
  4 giant frogs
  7 scorpions
  10 killer bees
  An electric eel (Lair:1)
  4 wights (D:7)
  A howler monkey (D:4)
  7 crimson imps
  3 centaur zombies (Ossuary)
  A giant frog skeleton (D:8)
  4 human zombies (Ossuary)
  A jelly (D:8)
  A giant frog zombie (D:7)
  4 hounds
  A centaur skeleton (D:3)
  An orc priest (D:5)
  2 orc wizards
  2 iguanas
  7 worker ants
  3 sheep (D:7)
  A hound zombie (D:6)
  2 hound skeletons
  2 mummies (Ossuary)
  2 worker ant zombies (D:6)
  A howler monkey zombie (D:8)
  3 gnolls
  3 howler monkey skeletons
  A scorpion zombie (Ossuary)
  15 adders
  18 river rats (Lair:1)
  An ooze (D:6)
  An adder skeleton (D:5)
  2 adder zombies
  2 worms (D:2)
  6 giant geckos
  13 orcs
  6 bats
  3 giant cockroaches
  7 gnoll zombies
  9 goblins
  9 hobgoblins
  6 jackals
  7 kobolds
  4 quokkas
  A ball python (D:2)
  3 giant newts
  A goblin zombie (Ossuary)
  A hobgoblin zombie (Ossuary)
  2 kobold zombies (Ossuary)
  3 orc zombies (Ossuary)
  6 rats
  2 fungi (D:8)
244 creatures vanquished.

Vanquished Creatures (others)
  5 scorpions (Ossuary)
  A centaur zombie (Ossuary)
  A mummy (Ossuary)
  A goblin zombie (Ossuary)
  6 fungi
  4 plants (Lair:1)
18 creatures vanquished.

Grand Total: 262 creatures vanquished
